Map: Submarine LE

Players

DeadPool

  • Race: Zerg Zerg
  • League: Diamond
  • Spawn Location: 11:00

HotKeyPlayer - Winner!

  • Race: Terran Terran
  • League: Diamond
  • Spawn Location: 5:00

VOD

Have the link to the VOD?

Description

Time

  • Played on: Nov. 23, 2020, 4:02 a.m.
  • Length: 20:07
Show
View Real Time Build Order
Export as new Build Order

DeadPool Zerg 

Build Orders: Hatch First 

Get SALT Encoding   

  12  0:00  Drone  
  13  0:15  Drone  
  13  0:21  Overlord  
  14  0:39  Drone x3  
  17  0:52  Hatchery  
  17  0:57  Drone  
  17  1:09  Spawning Pool  
  16  1:13  Extractor  
  16  1:16  Drone  
  16  1:17  Drone  
  17  1:25  Drone  
  18  1:33  Drone  
  19  1:56  Queen  
  19  2:01  Hatchery  
  20  2:04  Zergling x4  
  22  2:16  Queen  
  22  2:18  Drone  
  22  2:21  Drone  
  26  2:27  Metabolic Boost  
  26  2:33  Overlord  
  26  2:49  Drone  
  26  2:50  Drone  
  28  2:57  Zergling x2  
  27  3:06  Spine Crawler  
  27  3:10  Spine Crawler  
  25  3:13  Spine Crawler  
  25  3:19  Drone, Roach Warren  
  24  3:20  Zergling x6  
  27  3:32  Spine Crawler  
  25  3:36  Zergling x2  
  25  3:37  Zergling x4  
  24  3:48  Drone  
  24  3:49  Drone x2  
  24  3:55  Drone x2  
  28  4:00  Zergling x4  
  31  4:15  Spine Crawler, Extractor  
  31  4:16  Drone  
  30  4:17  Drone x2  
  32  4:29  Queen  
  33  4:32  Roach  
  35  4:39  Drone  
  35  4:40  Drone  
  35  4:59  Ravager  
  36  5:00  Roach  
  36  5:01  Roach  
  38  5:13  Roach  
  40  5:16  Queen, Spine Crawler  
  41  5:25  Spine Crawler, Roach, Overlord x2  
  42  5:42  Overlord  
  42  5:43  Overlord x3  
  42  5:44  Ravager  
  42  5:45  Ravager x2  
  45  5:59  Drone  
  45  6:00  Drone x4  
  46  6:19  Roach  
  46  6:20  Roach x2  
  41  6:41  Ravager x3  
  41  6:43  Drone x3  
  41  6:46  Drone  
  49  6:47  Drone  
  49  6:51  Roach x4  
  49  6:52  Queen  
  59  7:01  Roach  
  55  7:16  Ravager  
  51  7:39  Ravager  
  51  7:41  Ravager  
  53  7:49  Drone x8, Extractor  
  60  7:55  Extractor  
  59  7:59  Ravager  
  51  8:27  Spine Crawler  
  47  8:29  Roach  
  47  8:30  Roach x5  
  59  8:44  Queen  
  61  8:49  Spore Crawler  
  56  9:06  Roach x2  
  56  9:07  Roach x4  
  60  9:15  Ravager x2  
  60  9:16  Ravager  
  63  9:20  Drone  
  64  9:28  Ravager  
  65  9:38  Ravager  
  66  9:39  Drone, Ravager  
  66  9:40  Drone x2  
  58  9:48  Queen  
  60  9:56  Zergling x6  
  51  10:10  Ravager  
  46  10:26  Roach x4  
  46  10:27  Queen  
  54  10:30  Lair  
  54  10:33  Spine Crawler  
  53  10:40  Roach x2  
  40  11:22  Roach x12  
  56  11:31  Drone  
  56  11:32  Drone x5  
  55  11:39  Burrow  
  55  11:41  Infestation Pit  
  54  11:54  Hatchery  
  54  12:01  Ravager  
  54  12:06  Hatchery  
  51  12:41  Ravager  
  61  12:50  Spore Crawler  
  60  13:16  Hatchery  
  61  13:42  Overlord x7  
  61  13:43  Overlord x2  
  61  13:48  Overlord  
  61  14:00  Overlord  
  70  14:15  Hydralisk Den  
  60  14:40  Ravager x3  
  46  15:29  Roach  
  46  15:30  Roach x5  
  58  15:51  Ravager  
  58  15:52  Ravager  
  58  15:53  Ravager  
  44  17:50  Hatchery  
  39  18:12  Spore Crawler  
  38  18:14  Spore Crawler  
  38  18:15  Spore Crawler  
  32  18:22  Spore Crawler  
Show
View Real Time Build Order
Export as new Build Order

HotKeyPlayer Terran - Winner!

Build Orders:  

Get SALT Encoding   

  12  0:02  SCV  
  13  0:14  SCV  
  13  0:20  Supply Depot  
  14  0:26  SCV  
  15  0:31  Refinery  
  15  0:42  SCV  
  16  0:45  Barracks  
  16  0:55  SCV  
  17  1:03  Barracks  
  17  1:07  SCV  
  18  1:20  Barracks  
  18  1:31  Refinery  
  18  1:41  Orbital Command  
  18  1:49  Reaper  
  19  1:54  Supply Depot  
  19  1:59  Reaper  
  20  2:08  Reaper  
  21  2:21  Reaper  
  22  2:31  Reaper  
  22  2:36  SCV  
  25  2:48  SCV  
  25  2:49  Bunker  
  26  2:53  Bunker  
  27  3:12  Barracks Reactor x2  
  25  3:21  Barracks Tech Lab  
  25  3:22  Factory  
  25  3:27  Barracks  
  25  3:50  Marine x4  
  25  3:51  Marine  
  30  4:08  Marine  
  31  4:11  Factory Tech Lab  
  31  4:13  Bunker  
  31  4:14  Marine  
  32  4:25  Marine  
  32  4:29  Siege Tank  
  36  4:32  Marine  
  33  5:10  Siege Tank  
  33  5:12  Starport  
  36  5:37  Marine, SCV  
  36  5:38  Marine  
  36  5:40  Stimpack  
  39  6:00  Supply Depot  
  39  6:01  Supply Depot  
  39  6:03  Command Center  
  39  6:14  Marine  
  39  6:15  Marine, Liberator  
  40  6:19  Siege Tank  
  40  6:38  Marine x3  
  40  6:39  Marine x2  
  44  6:51  SCV  
  45  6:56  Marine x2  
  47  7:03  SCV  
  47  7:17  Liberator  
  48  7:38  Marine x5  
  53  7:45  SCV  
  54  7:56  Marine  
  54  7:57  SCV  
  59  7:58  Cyclone  
  58  8:38  Cyclone  
  58  9:11  Cyclone  
  61  9:43  Cyclone  
  64  10:00  SCV  
  64  10:02  Marine x5  
  64  10:03  SCV  
  67  10:12  SCV  
  68  10:15  SCV, Cyclone  
  68  10:20  Marine  
  73  10:24  SCV  
  73  10:28  SCV  
  75  10:32  Liberator  
  78  11:03  SCV  
  78  11:24  SCV  
  78  11:52  Refinery  
  78  11:55  Refinery  
  78  12:33  Supply Depot  
  78  12:35  Supply Depot x2  
  78  12:36  Supply Depot  
  78  12:38  Supply Depot  
  78  12:39  Supply Depot  
  78  12:54  Marine, Liberator, SCV, Cyclone  
  78  12:56  Marine x4, SCV  
  91  13:08  SCV  
  91  13:12  Marine  
  90  13:14  Marine x4  
  94  13:20  SCV  
  94  13:26  Cyclone  
  98  13:30  Marine  
  98  13:32  Marine x4  
  98  13:33  SCV  
  104  13:37  Starport  
  104  13:38  Starport  
  104  13:41  Starport  
  104  13:47  Marine  
  105  13:49  Marine x3  
  107  14:27  Siege Tank  
  110  14:38  Starport Tech Lab  
  110  14:42  Starport Tech Lab x3  
  80  15:22  Banshee x3  
  80  15:25  Banshee  
  80  15:28  Hyperflight Rotors  
  91  16:05  Banshee x3  
  91  16:07  Banshee  
  97  16:48  Banshee x3  
  103  18:01  Viking  
  103  18:02  Viking x3  
  103  18:31  Viking  
  103  18:32  Viking x3  
  110  19:01  Viking  
  110  19:02  Viking x3  
  118  19:31  Viking x2  
  118  19:32  Viking  
Tags
 
Add a new tag
Caveats
  • Supply blocks, unpowered buildings, or Contaminate may cause inaccurate times.
  • Supply counts are checked every 10 seconds.